AoeStats
← glenjerman878

Hideout

509722694Analyzed
1v1 RM · 6d ago on Sep 27, 2026· 36m 56s· 2 players
Game mode
Random Map
Map size
Tiny (2 player)
Population
200
Speed
Normal
Resources
Standard
Victory
Conquest
Starting age
Dark Age
Ending age
Imperial Age
RankedLock teamsTeams togetherTeam positionsShared explorationLock speedFull tech treeHidden civsTurbo modeCheats
Victory
Defeat
🇺🇸 Armenians · United States
1132
+17
🇲🇽 Saracens · Mexico
1152
-17
glenjerman878
10:15 Feudal Age
9:56 Loom
10:35 Man-at-Arms
11:29 Double-Bit Axe
11:41 Long Swordsman
14:15 Arson
14:50 Scale Mail Armor
19:16 Horse Collar
25:07 Castle Age
23:28 Gold Mining
25:20 Fletching
25:40 Forging
26:29 Bow Saw
26:48 Gambesons
27:04 Squires
28:29 Bodkin Arrow
29:36 Two-Handed Swordsman
33:47 Elite Skirmisher
ARGNIZ
8:22 Loom
10:22 Feudal Age
12:00 Double-Bit Axe
14:16 Fletching
15:15 Padded Archer Armor
22:44 Wheelbarrow
23:10 Horse Collar
29:27 Castle Age
30:10 Crossbowman
31:16 Bodkin Arrow
32:54 Ballistics
37:21 Imperial Age
Connection lost

Rejoining the realm…

Still unreachable

The connection could not be restored.

Session expired

The server has moved on; the page needs a fresh start.